 Seeded DCSS version 0.29.0-10-g45618ea6d2 (webtiles) character file.

Game seed: 3208259957134360481 (custom seed)

691 nickcage the Spear-Bearer (level 7, -18/50 HPs)
             Began as a Merfolk Gladiator on Sept 1, 2022.
             Demolished by an ogre
             ... wielding a +0 giant club
              (29 damage)
             ... on level 4 of the Dungeon.
             The game lasted 00:07:05 (3569 turns).

nickcage the Spear-Bearer (Merfolk Gladiator)       Turns: 3569, Time: 00:07:06

Health: -18/50     AC: 11    Str: 23    XL:     7   Next: 63%
Magic:  7/7        EV: 11    Int: 13    God:
Gold:   126        SH:  0    Dex: 15    Spells: 6/6 levels left

rFire   . . .      SeeInvis +   a - +0 trident
rCold   . . .      Faith    .   (no shield)
rNeg    . . .      Spirit   .   o - +0 scale mail
rPois   .          Reflect  .   k - +2 helmet {SInv}
rElec   .          Harm     .   s - +1 cloak
rCorr   .          Rampage  .   (no gloves)
Will    .....                   (no boots)
Stlth   ..........              (no amulet)
HPRegen 0.16/turn               v - +6 ring of intelligence
MPRegen 0.10/turn               x - +6 ring of strength

@: no status effects
A: (nimble swimmer 2), mertail
a: no special abilities


You were on level 4 of the Dungeon.
You visited 1 branch of the dungeon, and saw 4 of its levels.

You collected 126 gold pieces.

Inventory:

Hand Weapons
 a - a +0 trident (weapon)
Missiles
 d - 3 throwing nets
 u - 3 javelins (quivered)
Armour
 b - a +0 leather armour
 c - a +0 helmet
 k - a +2 helmet of see invisible (worn)
 n - a +0 cloak
 o - a +0 scale mail (worn)
 s - a +1 cloak (worn)
Jewellery
 f - a ring of fire
 v - a +6 ring of intelligence (left hand)
 x - a +6 ring of strength (right hand)
Scrolls
 g - a scroll of poison
 i - 3 scrolls of teleportation
 m - 2 scrolls of noise
 w - a scroll of fog
Potions
 e - a potion of berserk rage
 h - 2 potions of curing {unknown}
 j - 4 potions of degeneration
 l - a potion of cancellation
 p - 2 potions of heal wounds
 q - a potion of haste {unknown}
 t - a potion of attraction
 z - 2 potions of flight {unknown}


   Skills:
 - Level 2.1 Fighting
 + Level 11.3 Polearms
 - Level 2.0 Throwing
 - Level 4.0 Dodging


You had 6 spell levels left.
You didn't know any spells.
Your spell library was empty.

Dungeon Overview and Level Annotations

Branches:
Dungeon (4/15)
 Temple: D:4-7

Altars:


Innate Abilities, Weirdness & Mutations

((You are very nimble when in or above water. (Stealth+, EV+, Speed+++)))
Your lower body shifts to a powerful aquatic tail in water.


Message History

An adder comes into view.
The orc suddenly jeers.
You reach to attack!
You closely miss the kobold.
A hound comes into view.
You barely miss the kobold. The kobold hits you but does no damage.
A hobgoblin comes into view. It is wielding a +0 trident.
You hit the ogre.
The ogre is lightly wounded.
The kobold hits you but does no damage. The ogre misses you.
You hit the kobold.
The kobold is severely wounded.
You puncture the kobold!
You kill the kobold!
An adder comes into view.
You completely miss the ogre.
The ogre is lightly wounded.
A hobgoblin comes into view.
You hit the ogre.
The ogre is lightly wounded.
The ogre hits you with a +0 giant club!!
A kobold comes into view. It is wielding a +0 short sword.
You hit the ogre.
The ogre is moderately wounded.
You barely miss the ogre.
The ogre is moderately wounded.
The ogre hits you with a +0 giant club!
* * * LOW HITPOINT WARNING * * *
You are too injured to fight recklessly!
You hit the ogre but do no damage.
The ogre is moderately wounded.
You barely miss the ogre.
The ogre is moderately wounded.
The ogre misses you.
You hit the ogre but do no damage.
The ogre is moderately wounded.
You barely miss the ogre.
The ogre is moderately wounded.
The ogre hits you with a +0 giant club!!
Ouch! That really hurt!
You die...

#................<..
.........÷.........
#................
##.....##........
#....#####...... $
#..### ##÷.... ...
##..# ##....
.ghSO####...# ##..#
#SggO@.### #))#
#..og#### ##)##
.....## #..# ....
#.## ... ##.# .. #
#..# . ..# ##.##
#... #..# #..####.##


You could see 2 ogres, a hound, 2 adders, an orc, 3 hobgoblins and a goblin.

Vanquished Creatures
  Sigmund (D:2)
  An ogre (D:4)
  A phantom (D:4)
  A scorpion (D:4)
  2 orc priests (D:4)
  An iguana (D:4)
  Natasha (thrice) (D:2)
  An orc wizard (D:4)
  Terence (D:3)
  3 adders
  A worm (D:4)
  5 orcs
  6 bats
  6 endoplasms
  4 giant cockroaches
  4 goblins
  5 hobgoblins
  6 jackals
  7 kobolds
  2 quokkas (D:3)
  4 ball pythons
  A frilled lizard (D:1)
  6 rats
72 creatures vanquished.

Notes
Turn   | Place    | Note
-------+----------+-------------------------------------------
     0 | D:1      | nickcage the Merfolk Gladiator began the quest for the Orb.
     0 | D:1      | Reached XP level 1. HP: 16/16 MP: 1/1
    17 | D:1      | Found a faded altar of an unknown god.
   209 | D:1      | Reached XP level 2. HP: 22/22 MP: 2/2
   339 | D:1      | Reached skill level 5 in Polearms
   445 | D:1      | Reached XP level 3. HP: 26/27 MP: 3/3
   983 | D:2      | Noticed Sigmund
  1002 | D:2      | Killed Sigmund
  1003 | D:2      | Reached skill level 8 in Polearms
  1003 | D:2      | Reached XP level 4. HP: 2/33 MP: 4/4
  1003 | D:2      | Reached XP level 5. HP: 3/38 MP: 5/5
  1487 | D:2      | Noticed Natasha
  1499 | D:2      | Killed Natasha
  1500 | D:2      | Reached XP level 6. HP: 28/44 MP: 6/6
  1667 | D:2      | Noticed Natasha
  1675 | D:2      | Killed Natasha
  1697 | D:2      | Noticed Natasha
  1703 | D:2      | Killed Natasha
  1704 | D:2      | Reached skill level 9 in Polearms
  2149 | D:3      | Identified the +0 robe "Daluhar" {Int+7}
  2210 | D:3      | Noticed Terence
  2219 | D:3      | Killed Terence
  3009 | D:4      | Reached skill level 10 in Polearms
  3009 | D:4      | Reached XP level 7. HP: 50/50 MP: 7/7
  3453 | D:4      | Reached skill level 11 in Polearms
  3569 | D:4      | Demolished by an ogre

Illustrated notes

Levels and vault maps discovered:
D:1:      beargit_arrival_greenhouse, layout_rooms,
          ebering_ecumenical_altar_ruins, serial_glass, glass_columns_c,
          glass_columns_a, glass_columns_c, glass_columns_b, glass_columns_a,
          glass_columns_b, glass_columns_a, glass_columns_b, feat_on_display,
          item_on_display_a, item_on_display_b, due_unseen_surprise,
          kennysheep_nondescript
D:2:      layout_basic, uniq_sigmund, uniq_natasha
D:3:      minmay_inner_zag, layout_basic, minmay_tree_intersection, uniq_terence
D:4:      layout_cave_pods, minmay_joined_circles

Skill      XL: |  1  2  3  4  5  6  7 |
---------------+----------------------+-----
Polearms       | 5 8 10 11 | 11.3
Fighting       | |  2.1
Throwing       | |  2.0
Dodging        | |  4.0

Action                   |  1- 3 |  4- 6 |  7- 9 || total
-------------------------+-------+-------+-------++-------
Melee: Trident           |   102 |    85 |    73 ||   260
       Punch             |       |     2 |     1 ||     3
Throw: Javelin           |     1 |     3 |     6 ||    10
       Throwing net      |       |     1 |       ||     1
  Use: Scroll            |       |    11 |       ||    11
Armor: Leather armour    |    22 |       |       ||    22
       Scale mail        |     7 |    21 |    16 ||    44
Dodge: Dodged            |    68 |    21 |    21 ||   110
